 Dungeon Crawl Stone Soup version 0.23.0-3-gf3c87f2df8 (webtiles) character file.

Game seed: 1938003626824190178

93716 Murks the Blocker (level 16, -2/84 HPs)
             Began as a Vine Stalker Fighter on Feb 23, 2019.
             Was a Follower of Uskayaw.
             Slain by a cyclops (16 damage)
             ... on level 2 of the Orcish Mines.
             The game lasted 01:52:12 (24087 turns).

Murks the Blocker (Vine Stalker Fighter)           Turns: 24087, Time: 01:52:13

Health: -2/84      AC: 23    Str: 23    XL:     16   Next: 9%
Magic:  0/25       EV:  9    Int: 13    God:    Uskayaw [*.....]
Gold:   1126       SH: 14    Dex: 15    Spells: 15/15 levels left

rFire    + . .     SeeInvis .   W - +0 dagger (elec)
rCold    . . .     Gourm    .   c - +0 shield
rNeg     + . .     Faith    .   s - +0 plate armour
rPois    .         Spirit   +   L - +2 helmet
rElec    .         Reflect  .   i - +0 cloak
rCorr    .         Harm     .   H - +1 pair of gloves
MR       ++...                  E - +1 pair of boots
Stlth    ..........             Y - amulet "Iquruoch" {Spirit Int+3}
HPRegen  1.04/turn              K - ring of positive energy
MPRegen  0.19/turn              a - ring of protection from fire

@: hasted, very quick
A: fangs 3, regeneration 2, magic shield, antimagic bite, no potion heal 3, rot
immunity
a: Stomp, Renounce Religion


You were on level 2 of the Orcish Mines.
You worshipped Uskayaw.
Uskayaw was aware of your devotion.
You were near starving.

You visited 3 branches of the dungeon, and saw 23 of its levels.
You visited 1 bazaar.

You collected 2033 gold pieces.
You spent 907 gold pieces at shops.

Inventory:

Hand Weapons
 W - a +0 dagger of electrocution (weapon)
Missiles
 I - 3 throwing nets (quivered)
 N - 3 silver tomahawks
Armour
 c - a +0 shield (worn)
 i - a +0 cloak (worn)
 s - a +0 plate armour (worn)
 E - a +1 pair of boots (worn)
 G - the +0 pair of gloves of Zasiereh {rElec rF- MP+9 SInv}
   (You found it on level 12 of the Dungeon)

   It makes you vulnerable to fire.
   It insulates you from electricity.
   It affects your magic capacity (+9).
   It lets you see invisible.
 H - a +1 pair of gloves (worn)
 L - a +2 helmet (worn)
 M - a scarf of cloud immunity
Jewellery
 a - a ring of protection from fire (right hand)
 o - an uncursed ring of protection from fire
 r - the ring of Abumim {*Corrode +Fly rPois rF+}
   (You found it on level 13 of the Dungeon)

   [ring of protection from fire]

   It protects you from fire.
   It protects you from poison.
   It lets you fly.
   It may corrode you when you take damage.
 K - a ring of positive energy (left hand)
 V - a +2 ring of strength
 Y - the amulet "Iquruoch" (around neck) {Spirit Int+3}
   (You took it off an orc warrior on level 15 of the Dungeon)

   [amulet of guardian spirit]

   It causes incoming damage to be split between your health and magic.
   It affects your intelligence (+3).
Wands
 e - a wand of enslavement (4)
 k - a wand of disintegration (34)
 D - a wand of flame (37)
 Q - a wand of clouds (1)
 S - a wand of polymorph (14)
Scrolls
 g - 2 scrolls of identify
 h - 6 scrolls of teleportation
 l - 10 scrolls of remove curse
 n - 2 scrolls of enchant armour {unknown}
 p - 3 scrolls of fear
 t - 2 scrolls of amnesia
 u - 8 scrolls of fog
 v - 2 scrolls of immolation
 w - a scroll of magic mapping
 J - a scroll of noise {unknown}
 U - 2 scrolls of enchant weapon
 Z - a scroll of silence {unknown}
Potions
 b - 6 potions of curing
 j - a potion of haste
 m - a potion of cancellation
 q - 3 potions of magic
 x - 6 potions of lignification
 z - 2 potions of resistance
 B - 2 potions of might
 C - 2 potions of flight
 F - 2 potions of mutation
 T - 2 potions of brilliance
 X - a potion of agility
Miscellaneous
 O - a lightning rod (4/4)
 P - a lamp of fire
Comestibles
 f - 45 rations


   Skills:
 - Level 9.0 Fighting
 - Level 10.0 Short Blades
 - Level 9.3 Armour
 + Level 4.8 Dodging
 - Level 10.1 Stealth
 + Level 14.7 Shields
 + Level 10.7 Invocations
 - Level 6.0 Evocations


You had 15 spell levels left.
You didn't know any spells.
Your spell library contained the following spells:

 Spells                   Type           Power        Failure   Level  Hunger
 Animate Skeleton         Necr           N/A          99%         1    ##.....
 Apportation              Tloc           #.....       99%         1    ##.....
 Confusing Touch          Hex            #.....       99%         1    ##.....
 Corona                   Hex            #......      99%         1    ##.....
 Magic Dart               Conj           #...         99%         1    ##.....
 Pain                     Necr           #...         99%         1    ##.....
 Sting                    Conj/Pois      #...         99%         1    ##.....
 Summon Small Mammal      Summ           #...         99%         1    ##.....
 Ensorcelled Hibernation  Hex/Ice        #.....       99%         2    ###....
 Searing Ray              Conj           #.....       99%         2    ###....
 Confuse                  Hex            #.......     100%        3    ####...
 Dazzling Spray           Conj/Hex       #.....       100%        3    ####...
 Gell's Gravitas          Tloc           #.........   100%        3    ####...
 Regeneration             Chrm/Necr      #.........   100%        3    ####...
 Spider Form              Tmut/Pois      #.........   100%        3    ####...
 Tukima's Dance           Hex            #.......     100%        3    ####...
 Vampiric Draining        Necr           #.........   100%        3    ####...
 Animate Dead             Necr           N/A          100%        4    #####..
 Force Lance              Conj/Tloc      #.......     100%        4    #####..
 Fulminant Prism          Conj/Hex       #.........   100%        4    #####..
 Ice Form                 Ice/Tmut       #.......     100%        4    #####..
 Iskenderun's Mystic Bla  Conj           #.......     100%        4    #####..
 Petrify                  Tmut/Erth      #.......     100%        4    #####..
 Metabolic Englaciation   Hex/Ice        #.........   100%        5    ######.
 Venom Bolt               Conj/Pois      #.........   100%        5    ######.
 Yara's Violent Unravell  Hex/Tmut       #.........   100%        5    ######.
 Bolt of Cold             Conj/Ice       #.........   100%        6    #######
 Freezing Cloud           Conj/Ice/Air   #.........   100%        6    #######
 Ozocubu's Refrigeration  Ice            #.........   100%        6    #######
 Simulacrum               Ice/Necr       #.........   100%        6    #######
 Ring of Flames           Chrm/Fire      #.........   100%        7    #######


Dungeon Overview and Level Annotations

Branches:
Dungeon (15/15)            Temple (0/1) D:6            Lair (6/6) D:10
 Shoals (0/4) Lair:4        Snake (0/4) Lair:2        Slime (0/5) Lair:5
    Orc (2/2) D:9          Vaults (0/5) D:13         Depths (0/5) D:15
    Elf: Orc:2

Altars:
Fedhas
Gozag
Hepliaklqana
Kikubaaqudgha
Makhleb
Nemelex Xobeh
Ru
Sif Muna
Uskayaw
Jiyva

Shops:
D:4 *   D:13 ?   Orc:1 *[?   Orc:2 *[(

Annotations:
D:2 Terence
Lair:5 exclusion: 4 oklob plants


Innate Abilities, Weirdness & Mutations

You have razor-sharp teeth.
You heal very quickly.
When hurt, damage is shared between your health and your magic reserves.
Your bite disrupts and absorbs the magic of your enemies.
Potions cannot restore your health.
You are immune to rotting.


Message History

The cyclops closely misses you.
You hear a shout!
Aiming: Grand Finale
Press: ? - help, Shift-Dir - straight line, f - troll
Aim: a troll (lightly wounded)
The troll explodes violently!
The deep troll is hit by a flying piece of the troll!
The ogre is hit by a flying piece of the troll!
The cyclops is hit by a flying piece of the troll!
The ogre is hit by a flying piece of the troll!
Something is hit by a flying piece of the troll!
You blow up the troll!
You are near starving!
An orc comes into view. It is wielding a +0 falchion.
The orc shouts!
You hear a shout! x2
The ogre completely misses you.
The two-headed ogre hits you with a cursed -1 giant club!
* * * LOW HITPOINT WARNING * * *
You block the two-headed ogre's attack. The cyclops hits you!!
You die...

.............#
..........∩...#.
................
.o..o∩.T.T......
......TTTO......
....oO)OOOO.....
......OOOOT.....
....$COOC)O.....
......O@OO......
.........$......
................
................
................
.....♣......$...
#............#$
.#..♣∩♣.......


You could see 4 two-headed ogres, a deep troll, 2 cyclopes, 5 trolls, 12 ogres,
an orc wizard and 2 orcs.

Vanquished Creatures
  Rupert (D:13)
  Gastronok (Lair:1)
  Agnes (D:15)
  Nessos (D:13)
  Josephine (D:15)
  8 hydras
  2 catoblepae (Lair:6)
  8 two-headed ogres
  Erica (D:10)
  3 centaur warriors (D:14)
  2 death knights (D:14)
  2 ogre magi (Orc:2)
  Urug (D:10)
  3 death yaks (Lair:6)
  Nergalle (D:12)
  A skeletal warrior (D:14)
  2 unseen horrors
  2 lindwurms (Lair:6)
  4 deep elf magi
  A deep troll (Orc:2)
  A necromancer (D:15)
  A wolf spider zombie (D:14)
  A phantasmal warrior (D:14)
  Pikel (D:6)
  A cyclops (D:15)
  A wolf spider (D:15)
  2 orc knights
  An orc sorcerer (Orc:1)
  14 ugly things
  12 elephants
  A merfolk siren (Lair:4)
  Maurice (Orc:1)
  3 manticores
  9 black mambas
  Joseph (D:9)
  A torpor snail (Lair:6)
  2 naga magi (D:15)
  4 orange demons (D:15)
  6 spiny frogs
  A kobold demonologist (D:14)
  4 yaktaurs (D:15)
  A freezing wraith (D:14)
  5 rime drakes
  7 komodo dragons
  A queen bee (D:14)
  5 trolls
  4 red devils (D:15)
  A merfolk (D:10)
  The ghost of puimuR the Cleaver, an amateur HOMo (D:9)
  Grinder (D:5)
  3 meliai (D:14)
  A hornet (D:11)
  23 blink frogs
  A meliai zombie (D:13)
  8 slime creatures
  A harpy skeleton (D:15)
  Prince Ribbit (Lair:1)
  2 dream sheep (Lair:6)
  A vampire (D:11)
  9 hippogriffs
  7 wraiths
  2 shadows
  Sigmund (D:5)
  3 wyverns
  7 yaks
  5 basilisks
  A hungry ghost (D:12)
  16 humans (D:13)
  A vampire mosquito (D:13)
  A steam dragon (D:11)
  8 nagas (Lair:2)
  A warg (Orc:1)
  A soldier ant (D:11)
  3 acid dragons
  18 water moccasins
  10 porcupines
  11 orc warriors
  5 ice beasts
  4 black bears
  A hornet zombie (D:15)
  9 sky beasts
  4 slaves (D:5)
  2 eyes of draining
  17 ogres
  A necrophage (D:7)
  2 phantoms
  9 wolves (Lair:6)
  11 crocodiles
  11 centaurs
  2 big kobolds
  17 bullfrogs
  2 gnoll sergeants
  2 wyvern zombies (D:15)
  A hornet simulacrum (D:15)
  2 wyvern skeletons
  6 scorpions
  30 killer bees
  7 wights
  2 howler monkeys (D:12)
  2 electric eels
  7 crimson imps
  7 jellies
  3 bullfrog zombies
  A quasit (D:5)
  4 centaur zombies
  6 orc priests
  4 centaur skeletons
  3 hounds
  21 orc wizards
  Jessica (D:2)
  A bullfrog skeleton (D:8)
  3 iguanas
  Ijyb (D:5)
  4 worker ants
  A killer bee zombie (D:10)
  A howler monkey zombie (D:7)
  Robin (D:2)
  2 howler monkey skeletons
  12 gnolls
  2 worker ant zombies
  23 adders
  A shadow imp (D:13)
  2 oozes
  2 adder skeletons
  4 worms (D:3)
  A dart slug (D:4)
  3 leopard geckos
  65 orcs
  5 giant cockroaches
  19 goblins
  13 hobgoblins
  8 jackals
  5 quokkas
  A ball python (D:1)
  10 bats
  A frilled lizard (D:2)
  A jackal skeleton (D:4)
  22 kobolds
  2 leopard gecko skeletons
  A quokka skeleton (D:7)
  7 rats
716 creatures vanquished.

Vanquished Creatures (others)
  A wolf (Lair:6)
  12 fungi
  8 plants
21 creatures vanquished.

Grand Total: 737 creatures vanquished

Notes
Turn   | Place    | Note
-------+----------+-------------------------------------------
     0 | D:1      | Murks the Vine Stalker Fighter began the quest for the Orb.
     0 | D:1      | Reached XP level 1. HP: 11/11 MP: 2/2
   107 | D:1      | Reached XP level 2. HP: 16/16 MP: 3/3
   459 | D:1      | Reached XP level 3. HP: 19/19 MP: 4/4
   505 | D:1      | Reached skill level 3 in Shields
  1041 | D:2      | Gained mutation: Your natural rate of healing is unusually
                  | fast. [Vine Stalker growth]
  1041 | D:2      | Reached XP level 4. HP: 21/23 MP: 5/5
  1263 | D:2      | Noticed Jessica
  1269 | D:2      | Killed Jessica
  1290 | D:2      | Noticed Robin
  1411 | D:2      | Reached XP level 5. HP: 27/27 MP: 6/6
  1421 | D:2      | Killed Robin
  1615 | D:2      | Noticed Terence
  1731 | D:2      | Reached skill level 4 in Shields
  2458 | D:3      | Reached XP level 6. HP: 32/32 MP: 7/7
  3089 | D:4      | Found Gijuig's General Store.
  3111 | D:4      | Reached skill level 5 in Shields
  3116 | D:4      | Reached skill level 5 in Short Blades
  3116 | D:4      | Reached XP level 7. HP: 26/35 MP: 6/8
  3496 | D:4      | Found a hide-covered altar of Uskayaw.
  3496 | D:4      | Found a sacrificial altar of Ru.
  3496 | D:4      | Found a blossoming altar of Fedhas.
  3507 | D:4      | Became a worshipper of Uskayaw the Reveler
  3529 | D:4      | Found a deep blue altar of Sif Muna.
  3620 | D:4      | Reached * piety under Uskayaw
  3705 | D:5      | Entered Level 5 of the Dungeon
  3750 | D:5      | Found a sacrificial altar of Ru.
  3764 | D:5      | Reached ** piety under Uskayaw
  3890 | D:5      | Noticed Grinder
  3924 | D:5      | Reached *** piety under Uskayaw
  3925 | D:5      | Killed Grinder
  3925 | D:5      | Reached skill level 1 in Invocations
  3925 | D:5      | Gained mutation: You have razor-sharp teeth. [Vine Stalker
                  | growth]
  3925 | D:5      | Reached XP level 8. HP: 27/39 MP: 7/10
  3928 | D:5      | Reached **** piety under Uskayaw
  3929 | D:5      | Reached skill level 6 in Shields
  3932 | D:5      | Reached ***** piety under Uskayaw
  3999 | D:5      | Noticed Sigmund
  4016 | D:5      | Killed Sigmund
  4112 | D:5      | Noticed Ijyb
  4136 | D:5      | Killed Ijyb
  4314 | D:6      | Noticed Pikel
  4573 | D:6      | Killed Pikel
  4573 | D:6      | Reached XP level 9. HP: 43/43 MP: 12/12
  4583 | D:6      | Found a burning altar of Makhleb.
  4660 | D:6      | Found a sparkling altar of Nemelex Xobeh.
  4678 | D:6      | Reached skill level 7 in Shields
  4939 | D:6      | Found a staircase to the Ecumenical Temple.
  4980 | D:6      | Found a hazy altar of Hepliaklqana.
  5173 | D:7      | Identified the Grimoire of Cankerous Enhancements
  5210 | D:7      | Reached skill level 5 in Invocations
  5537 | D:7      | Found an ancient bone altar of Kikubaaqudgha.
  5589 | D:6      | Reached XP level 10. HP: 29/47 MP: 12/15
  6412 | D:8      | Reached skill level 8 in Shields
  6842 | D:9      | Noticed Joseph
  6857 | D:9      | Killed Joseph
  6857 | D:9      | Reached skill level 10 in Short Blades
  7045 | D:9      | Found a staircase to the Orcish Mines.
  7155 | D:9      | Found a runed translucent gate.
  7155 | D:9      | Noticed puimuR's ghost (amateur HOMo)
  7156 | D:9      | Found a runed translucent gate.
  7211 | D:9      | Found a runed translucent gate.
  7245 | D:9      | Killed puimuR's ghost
  7562 | D:9      | Found a burning altar of Makhleb.
  7647 | D:10     | Entered Level 10 of the Dungeon
  7813 | D:10     | Reached skill level 1 in Stealth
  7813 | D:10     | Reached skill level 9 in Shields
  7900 | D:10     | Reached XP level 11. HP: 35/51 MP: 12/17
  7955 | D:10     | Found a staircase to the Lair.
  8875 | D:11     | Noticed a two-headed ogre
  8895 | D:11     | Killed a two-headed ogre
  8944 | D:11     | Paralysed by a hornet for 1 turns
  8980 | D:11     | Found a flickering gateway to a bazaar.
  9032 | Bazaar   | Entered a bazaar
  9032 | Bazaar   | Found Eshet's Armour Shoppe.
  9032 | Bazaar   | Found Hymaowos's Antique Armour Shop.
  9032 | Bazaar   | Found Boruemm's Antique Armour Boutique.
  9041 | Bazaar   | Found Boithoi's Jewellery Shoppe.
  9078 | Bazaar   | Bought a glowing helmet for 187 gold pieces
  9078 | Bazaar   | Bought an embroidered scarf for 200 gold pieces
  9783 | D:11     | Reached skill level 5 in Stealth
 10008 | D:12     | Noticed a two-headed ogre
 10028 | D:12     | Killed a two-headed ogre
 10130 | D:12     | Noticed Nergalle
 10178 | D:12     | Noticed a spectral orc warlord
 10194 | D:12     | Killed Nergalle
 10194 | D:12     | Reached skill level 10 in Shields
 10341 | D:12     | Gained mutation: You heal very quickly. [Vine Stalker
                  | growth]
 10341 | D:12     | Reached XP level 12. HP: 44/56 MP: 13/19
 10389 | D:12     | Got a pair of spiked gloves
 10390 | D:12     | Identified the +0 pair of gloves of Zasiereh {rElec rF-
                  | MP+9 SInv} (You found it on level 12 of the Dungeon)
 11093 | Lair:1   | Entered Level 1 of the Lair of Beasts
 11226 | Lair:1   | Noticed Prince Ribbit
 11249 | Lair:1   | Killed Prince Ribbit
 11254 | Lair:1   | Noticed Erica
 11281 | Lair:1   | Noticed Urug
 11483 | D:10     | Reached skill level 10 in Invocations
 11664 | Lair:1   | Noticed Gastronok
 11767 | D:10     | Killed Erica
 11767 | D:10     | Reached skill level 11 in Shields
 12259 | D:13     | Got a heavily runed pewter ring
 12278 | D:13     | Found an opulent altar of Gozag.
 12737 | D:13     | Reached skill level 10 in Stealth
 12877 | D:13     | Found a gate to the Vaults.
 12940 | D:13     | Reached XP level 13. HP: 63/63 MP: 19/21
 12972 | D:13     | Found Laf Odd's Magic Scroll Shop.
 13019 | D:13     | Noticed Rupert
 13194 | D:13     | Killed Rupert
 13194 | D:13     | Reached skill level 5 in Fighting
 13194 | D:13     | Reached skill level 5 in Armour
 13361 | D:13     | Noticed Nessos
 13404 | D:13     | Killed Nessos
 13569 | D:10     | Killed Urug
 13616 | Lair:1   | Killed Gastronok
 13764 | Lair:1   | Reached skill level 12 in Shields
 13791 | Lair:1   | Reached ****** piety under Uskayaw
 14382 | Lair:1   | Identified the ring of Abumim {*Corrode +Fly rPois rF+}
                  | (You found it on level 13 of the Dungeon)
 14833 | Lair:2   | Found a staircase to the Snake Pit.
 15266 | Lair:2   | Found the +8 whip "Snakebite" {curare, rPois}
 16153 | D:13     | Bought a scroll of acquirement for 520 gold pieces
 16159 | D:13     | Got a fine rapier
 16160 | D:13     | Identified the +1 rapier of the Messenger {distort, Str+3
                  | Stlth+} (You acquired it on level 13 of the Dungeon)
 16432 | Lair:3   | Reached XP level 14. HP: 72/72 MP: 22/22
 17424 | Lair:4   | Found a staircase to the Shoals.
 17641 | Lair:5   | Found a staircase to the Slime Pits.
 17641 | Lair:5   | Found a viscous altar of Jiyva.
 18517 | Lair:6   | Entered Level 6 of the Lair of Beasts
 18592 | Lair:6   | Reached skill level 13 in Shields
 19389 | Lair:6   | Reached skill level 1 in Evocations
 20379 | D:14     | Reached XP level 15. HP: 78/79 MP: 23/23
 20952 | D:14     | Reached skill level 1 in Dodging
 21014 | D:14     | Reached skill level 14 in Shields
 21392 | D:14     | Reached skill level 5 in Evocations
 21569 | D:15     | Entered Level 15 of the Dungeon
 21763 | D:15     | Noticed Agnes
 21797 | D:15     | Killed Agnes
 22012 | D:15     | Found a staircase to the Depths.
 22324 | D:15     | Identified the amulet "Iquruoch" {Spirit Int+3}
 22539 | D:15     | Noticed Josephine
 22561 | D:15     | Killed Josephine
 23400 | Orc:1    | Entered Level 1 of the Orcish Mines
 23584 | Orc:1    | Noticed Maurice
 23625 | Orc:1    | Killed Maurice
 23684 | Orc:1    | Found Durijyr's Assorted Antiques.
 23730 | Orc:1    | Found Zipiu's Magic Scroll Boutique.
 23876 | Orc:1    | Found Riudix's Antique Armour Shoppe.
 24051 | Orc:2    | Entered Level 2 of the Orcish Mines
 24051 | Orc:2    | Found Ucoxon's Assorted Antiques.
 24051 | Orc:2    | Found Atiff's Antique Armour Shop.
 24051 | Orc:2    | Found Raylying's Antique Weapon Emporium.
 24066 | Orc:2    | Reached XP level 16. HP: 79/84 MP: 22/24
 24087 | Orc:2    | Slain by a cyclops

Skill      XL: |  1  2  3  4  5  6  7  8  9 10 11 12 13 14 15 |
---------------+----------------------------------------------+-----
Short Blades   | 2 3 4 5 6 7 9 10 | 10.0
Shields        | 3 4 5 6 7 9 10 11 12 13 14 | 14.7
Invocations    | 1 3 5 7 9 10 | 10.7
Stealth        | 1 7 10 | 10.1
Armour         | 3 4 6 8 9 |  9.3
Fighting       | 4 7 9 |  9.0
Evocations     | 3 6 |  6.0
Dodging        | 4 |  4.8

Action                   |  1- 3 |  4- 6 |  7- 9 | 10-12 | 13-15 | 16-18 || total
-------------------------+-------+-------+-------+-------+-------+-------++-------
Melee: Rapier            |    78 |   252 |    27 |       |       |       ||   357
       Bite              |    15 |    82 |   238 |   685 |   962 |     9 ||  1991
       Dagger            |       |       |   612 |  1716 |  2245 |    15 ||  4588
Throw: Throwing net      |       |       |       |     1 |     4 |       ||     5
       Javelin           |       |       |       |       |     1 |       ||     1
Invok: Stomp             |       |       |     3 |     9 |     5 |     1 ||    18
       Line Pass         |       |       |     1 |     8 |    13 |     1 ||    23
       Grand Finale      |       |       |       |       |     1 |     1 ||     2
Evoke: Wand              |       |       |     2 |     5 |    18 |       ||    25
       Lightning rod     |       |       |       |       |     5 |       ||     5
       Lamp of fire      |       |       |       |       |     1 |       ||     1
  Use: Scroll            |       |     7 |     2 |     3 |    23 |       ||    35
       Potion            |       |       |     3 |     1 |     7 |     1 ||    12
 Stab: Paralysed         |       |       |    12 |    58 |    87 |     1 ||   158
       Confused          |       |       |       |     3 |    16 |     1 ||    20
       Held in net/web   |       |       |       |     2 |     1 |       ||     3
       Petrified         |       |       |       |       |     2 |       ||     2
  Eat: Chunk             |       |     7 |    10 |    27 |    29 |       ||    73
       Ration            |       |       |       |     1 |     4 |       ||     5
Armor: Scale mail        |    20 |    50 |       |       |       |       ||    70
       Plate armour      |       |    65 |   291 |   599 |   663 |     9 ||  1627
Dodge: Dodged            |    15 |    34 |    78 |   154 |   255 |    13 ||   549
Block: Shield            |    30 |   146 |   251 |   591 |   888 |    31 ||  1937
